 Dungeon Crawl Stone Soup version 0.30-a0-1157-g2cc9ac7196 (webtiles) character file.

Game seed: 15610851526081962741

203 Dittersdorf the Trooper (level 5, -1/34 HPs)
             Began as a Gargoyle Fighter on Apr 24, 2023.
             Killed from afar by an orc wizard (8 damage)
             ... with a magic dart
             ... on level 4 of the Dungeon.
             The game lasted 00:02:20 (2595 turns).

Dittersdorf the Trooper (Gargoyle Fighter)          Turns: 2595, Time: 00:02:21

Health: -1/34      AC: 11    Str: 21    XL:     5   Next: 81%
Magic:  5/5        EV:  9    Int:  9    God:
Gold:   216        SH:  4    Dex:  9    Spells: 4/4 levels left

rFire   . . .        a - +0 flail
rCold   . . .        c - +0 buckler
rNeg    + . .        b - +0 scale mail
rPois   ∞            (no helmet)
rElec   +            (no cloak)
rCorr   .            (no gloves)
SInv    +            (no boots)
Will    .....        (no amulet) Stlth
                     e - ring of see invisible
HPRegen 0.25/turn    (no ring)
MPRegen 0.09/turn

%: no passive effects
@: no status effects
A: sickness immunity, AC +4, negative energy resistance 1, electricity
resistance, torment resistance 1, petrification resistance
a: no special abilities


You were on level 4 of the Dungeon.
You visited 1 branch of the dungeon, and saw 4 of its levels.

You collected 216 gold pieces.

Inventory:

Hand Weapons
 a - a +0 flail (weapon)
Missiles
 k - 4 poisoned darts (quivered)
Armour
 b - a +0 scale mail (worn)
 c - a +0 buckler (worn)
Jewellery
 e - a ring of see invisible (left hand)
Scrolls
 g - 8 scrolls of identify {unknown}
 n - a scroll of brand weapon {unknown}
 q - a scroll of enchant armour {unknown}
 r - a scroll of teleportation {unknown}
Potions
 d - 2 potions of might
 f - a potion of attraction {unknown}
 h - a potion of flight {unknown}
 i - 3 potions of ambrosia {unknown}
 j - a potion of degeneration {unknown}
 l - 2 potions of curing {unknown}
 m - a potion of brilliance {unknown}
 o - 3 potions of lignification {unknown}
 p - a potion of mutation {unknown}


   Skills:
 + Level 4.4 Fighting
 + Level 3.3 Maces & Flails
 + Level 4.4 Armour
 + Level 4.4 Shields


You had 4 spell levels left.
You didn't know any spells.
Your spell library contained the following spells:

 Spells                   Type           Power      Damage    Failure   Level
 Apportation              Tloc           0%         N/A       78%         1
 Alistair's Intoxication  Tmut/Pois      0%         N/A       100%        5


Dungeon Overview and Level Annotations

Branches:
Dungeon (4/15)
 Temple: D:4-7

Altars:

Shops:
D:4 !


Innate Abilities, Weirdness & Mutations

You are immune to sickness and miasma.
Your stone body is resilient. (AC +4)
You are immune to poison.
You resist negative energy. (rN+)
You are resistant to electric shocks. (rElec)
You are resistant to unholy torment.
You are immune to petrification.


Message History

The orc priest barely misses you.
The orc wizard hits you but does no damage.
You completely miss the orc priest.
The orc priest is moderately wounded.
The orc priest barely misses you.
The orc wizard hits you but does no damage.
You closely miss the orc priest.
The orc priest is moderately wounded.
You block the orc priest's attack.
The orc wizard hits you but does no damage.
The orc wizard closely misses you. The orc priest closely misses you.
You sock the orc priest!
You kill the orc priest!
You block the orc wizard's attack. The orc wizard completely misses you.
Things that are here:
a +0 flail; an orc corpse You barely miss the orc wizard.
The orc wizard hits you with a +0 dagger.
You closely miss the orc wizard. You block the orc wizard's attack.
You completely miss the orc wizard. The orc wizard barely misses you.
The orc wizard casts a spell at you.
You are confused.
You closely miss the orc wizard.
The orc wizard hits you but does no damage.
The orc wizard hits you but does no damage.
The orc wizard gestures at you while chanting.
The magic dart hits you!
* * * LOW HITPOINT WARNING * * *
You miss the orc wizard.
The orc wizard mumbles some strange words.
The orc wizard flickers and vanishes for a moment.
You closely miss the orc wizard.
The orc wizard points at you and mumbles some strange words.
The puff of flame hits you but does no damage.
You closely miss the orc wizard.
You feel less confused.
The orc wizard points at you and mumbles some strange words.
The magic dart hits you!
You die...

..# .[# .. .. ..# #.#
.. ..# ######'##. ..#
#........# ..#
#........# ..#
#........# ..#
#........# ..#
#....@...# ..#
#....o...## ..#
#....).)..# ..#
########.)..# ..#
#......)†...#
..########...........#
.#.......'...........#
#.......##.......#####
#.......##.......#


You could see an orc wizard (invisible).

Vanquished Creatures
  A jelly (D:4)
  An orc priest (D:4)
  An iguana (D:4)
  4 adders
  An ufetubus (D:4)
  A worm (D:3)
  3 dart slugs
  3 orcs (D:4)
  5 endoplasms
  A giant cockroach (D:1)
  6 goblins
  3 hobgoblins
  5 jackals
  4 quokkas
  9 ball pythons
  4 bats
  4 frilled lizards
  7 kobolds
  5 rats
68 creatures vanquished.

Vanquished Creatures (others)
  A goblin (D:3)
  3 demonic plants (D:1)
4 creatures vanquished.

Grand Total: 72 creatures vanquished

Notes
Turn   | Place    | Note
-------+----------+-------------------------------------------
     0 | D:1      | Dittersdorf the Gargoyle Fighter began the quest for the
                  | Orb.
     0 | D:1      | Reached XP level 1. HP: 14/14 MP: 1/1
   181 | D:1      | Reached XP level 2. HP: 18/19 MP: 2/2
   351 | D:1      | Found a faded altar of an unknown god.
   376 | D:1      | Reached XP level 3. HP: 21/23 MP: 3/3
   835 | D:2      | Identified the +1 short sword "Wuedd" {spect, Will- Str+4
                  | SInv Stlth+}
  1233 | D:2      | Reached XP level 4. HP: 29/29 MP: 4/4
  2423 | D:4      | Reached XP level 5. HP: 33/33 MP: 5/5
  2441 | D:4      | Found Mewe's Distillery.
  2595 | D:4      | Killed from afar by an orc wizard

Illustrated notes

Levels and vault maps discovered:
D:1:      dpeg_arrival_lava_temple_mockup, layout_basic,
          shapermc_ecumenical_altar_gd, minmay_tiny_reverse_x
D:2:      layout_loops_corners
D:3:      layout_loops_cross, grunt_ministairs_5, minmay_misc_feat_nine_boxes
D:4:      layout_basic, serial_shops, nicolae_shop_peninsula,
          hangedman_decor_diamond_cutter

Skill      XL: |  1  2  3  4 |
---------------+-------------+-----
Fighting       | 4 |  4.4
Armour         | 4 |  4.4
Shields        | 4 |  4.4
Maces & Flails | 3 |  3.3

Action                     |  1- 3 |  4- 6 || total
---------------------------+-------+-------++-------
  Melee: Flail             |   120 |   136 ||   256
 Armour: Scale mail        |    69 |    79 ||   148
  Dodge: Dodged            |    47 |    61 ||   108
  Block: Buckler           |    27 |    36 ||    63

Table legend: (Time is in decaauts)
 A = Elapsed time spent in this place.
 B = Non-inter-level travel time spent in this place.
 C = Inter-level travel time spent in this place.
 D = Time resting spent in this place.
 E = Time spent auto-exploring this place.
 F = Levels seen in this place.
 G = Mean time per level.
                   A        B        C        D        E       F      G
               +--------+--------+--------+--------+--------+-----+--------+
         Total |   2670 |   2593 |     77 |     67 |   1996 |   4 |  667.5 |
       Dungeon |   2670 |   2593 |     77 |     67 |   1996 |   4 |  667.5 |
               +--------+--------+--------+--------+--------+-----+--------+

Top non-repeatable levels by time:
     D:2: 831 daAuts
     D:3: 780 daAuts
     D:1: 732 daAuts
     D:4: 325 daAuts
